Map: Thunderbird LE

Players

Mesohongry

  • Race: Protoss Protoss
  • League: Platinum
  • Spawn Location: 5:00

pHARM - Winner!

  • Race: Zerg Zerg
  • League: Platinum
  • Spawn Location: 11:00

VOD

Have the link to the VOD?

Description

Time

  • Played on: Aug. 4, 2019, 4:59 p.m.
  • Length: 11:33
Show
View Real Time Build Order
Export as new Build Order

Mesohongry Protoss 

Build Orders: Cannon Rush 

Get SALT Encoding   

  12  0:01  Probe  
  13  0:20  Probe, Pylon  
  14  0:32  Probe  
  15  0:42  Gateway  
  15  0:44  Probe  
  16  0:52  Forge  
  16  1:03  Pylon  
  16  1:09  Pylon  
  16  1:15  Pylon  
  16  1:20  Probe  
  16  1:23  Assimilator  
  17  1:28  Probe  
  18  1:37  Photon Cannon  
  18  1:46  Photon Cannon  
  18  1:57  Photon Cannon  
  18  2:10  Photon Cannon  
  18  2:23  Zealot  
  20  2:36  Photon Cannon  
  20  2:38  Photon Cannon  
  20  2:39  Assimilator  
  20  2:53  Probe  
  21  3:02  Probe  
  21  3:09  Pylon  
  21  3:10  Probe  
  23  3:21  Probe  
  24  3:36  Cybernetics Core  
  24  3:43  Nexus  
  24  3:56  Probe  
  25  4:16  Probe  
  26  4:18  Stargate  
  26  4:23  Stargate  
  26  4:29  Probe  
  27  4:43  Probe  
  28  4:49  Shield Battery  
  28  4:51  Shield Battery  
  28  4:53  Void Ray  
  28  4:55  Probe  
  28  4:56  Void Ray  
  37  5:10  Probe x2  
  39  5:25  Probe x2  
  39  5:26  Void Ray, Assimilator  
  39  5:28  Assimilator  
  41  5:38  Void Ray  
  45  5:49  Probe  
  50  5:50  Probe  
  51  6:03  Probe x2  
  53  6:21  Probe  
  54  6:26  Protoss Shields Level 1  
  54  6:33  Pylon  
  54  6:37  Pylon  
  54  6:39  Pylon  
  54  6:48  Protoss Air Weapons Level 1  
  54  6:51  Void Ray, Probe x2  
  60  6:55  Void Ray  
  64  7:32  Probe x2  
  64  7:34  Void Ray  
  66  7:43  Stargate  
  66  7:44  Probe  
  66  7:46  Fleet Beacon  
  66  7:48  Stargate  
  71  7:55  Void Ray  
  75  8:19  Nexus  
  75  8:28  Pylon  
  75  8:31  Pylon  
  75  8:36  Carrier  
  75  8:40  Protoss Air Armor Level 1  
  75  8:42  Pylon  
  75  8:45  Carrier  
  87  9:21  Phoenix  
  87  9:22  Phoenix  
  87  9:23  Probe x2  
  93  9:35  Probe  
  93  9:37  Anion Pulse-Crystals  
  94  9:39  Probe x2  
  94  9:42  Carrier  
  94  9:43  Assimilator  
  96  9:47  Assimilator  
  102  10:18  Probe x2  
Show
View Real Time Build Order
Export as new Build Order

pHARM Zerg - Winner!

Build Orders: Hatch First, Roach Hydra 

Get SALT Encoding   

  12  0:01  Drone  
  13  0:13  Overlord  
  13  0:16  Drone  
  14  0:31  Drone x2  
  14  0:34  Drone  
  17  0:54  Hatchery  
  16  1:02  Drone  
  17  1:19  Spawning Pool  
  16  1:28  Drone x3  
  19  1:56  Drone  
  19  1:57  Drone  
  20  2:17  Drone x3  
  20  2:20  Queen  
  20  2:21  Queen  
  27  2:28  Extractor  
  27  2:29  Overlord  
  26  2:30  Drone  
  26  2:31  Drone  
  28  2:42  Overlord  
  28  2:54  Drone x3  
  31  3:00  Queen  
  33  3:07  Drone x3  
  36  3:17  Drone  
  37  3:30  Drone x2  
  39  3:34  Hatchery  
  38  3:44  Drone x6  
  38  3:45  Evolution Chamber  
  43  3:49  Overlord x2  
  43  4:00  Roach Warren  
  42  4:04  Extractor  
  42  4:07  Lair  
  41  4:18  Drone  
  41  4:19  Drone x6  
  48  4:34  Evolution Chamber  
  47  4:42  Extractor  
  46  4:46  Zerg Missile Weapons Level 1  
  46  4:49  Roach x4  
  54  5:08  Drone x3  
  54  5:09  Roach  
  54  5:10  Roach x3  
  54  5:11  Overlord x3  
  65  5:21  Glial Reconstitution  
  65  5:25  Spore Crawler  
  64  5:28  Spore Crawler  
  64  5:32  Drone x2  
  65  5:51  Roach x11  
  87  6:07  Spore Crawler  
  87  6:08  Hydralisk Den  
  85  6:17  Overlord x4  
  85  6:18  Overlord  
  85  6:21  Extractor  
  84  6:39  Overlord x2  
  84  6:40  Hydralisk x6  
  96  7:03  Zerg Missile Weapons Level 2  
  96  7:09  Drone  
  96  7:10  Drone x13  
  110  7:29  Queen  
  110  7:33  Extractor  
  110  7:35  Extractor  
  108  7:41  Spore Crawler  
  107  7:44  Drone x3  
  107  7:45  Drone  
  107  7:46  Drone x6  
  107  7:50  Hydralisk x2  
  121  7:53  Zerg Ground Armor Level 1  
  121  7:54  Overlord x3  
  121  8:03  Drone  
  122  8:09  Grooved Spines  
  122  8:50  Overlord x4  
  122  9:00  Infestation Pit  
  122  9:01  Drone x3  
  122  9:02  Drone x3  
  127  9:07  Hatchery  
  126  9:12  Hydralisk x9  
  126  9:13  Hydralisk x6  
  156  9:20  Muscular Augments  
  156  9:32  Hatchery  
  155  9:39  Overlord x3  
  155  9:40  Hydralisk x6  
  155  9:41  Hydralisk  
  169  10:04  Spire  
Tags
 
Add a new tag
Caveats
  • Supply blocks, unpowered buildings, or Contaminate may cause inaccurate times.
  • Supply counts are checked every 10 seconds.